 Dungeon Sprint DCSS version 0.20-a0-871-g785f14b (webtiles) character file.

445 hittemvvvvhard the Blocker (level 7, -2/60 HPs)
             Began as a Formicid Fighter on Mar 14, 2017.
             Was an Elder of Jiyva.
             Slain by a centaur warrior (6 damage)
             ... in the Dungeon (Sprint I: "Red Sonja").
             The game lasted 00:02:05 (691 turns).

hittemvvvvhard the Blocker (Formicid Fighter)        Turns: 691, Time: 00:02:06

Health: -2/60      AC:  7    Str: 24    XL:     7   Next: 24%
Magic:  3/7        EV: 10    Int:  8    God:    Jiyva [****..]
Gold:   162        SH: 12    Dex: 12    Spells: 6/6 levels left

rFire    . . .     SeeInvis +   a - +0 quarterstaff
rCold    . . .     Gourm    .   b - +0 scale mail
rNeg     . . .     Faith    .   c - +0 shield
rPois    .         Spirit   .   (helmet unavailable)
rElec    .         Reflect  .   (no cloak)
rCorr    +         Harm     .   (no gloves)
MR       .....                  (no boots)
Stlth    ..........             (no amulet)
Regen    0.2/turn               (no ring)
MPRegen  0.1/turn               (no ring)

@: slimy
A: permanent stasis, dig shafts and tunnels, four strong arms, antennae 3, agile
1, strong 1
a: Dig, Request Jelly, Slimify, Renounce Religion


You were in the Dungeon.
You worshipped Jiyva.
Jiyva was greatly pleased with you.
You were full.

You visited 1 branch You collected 162 gold pieces.

Inventory:

Hand Weapons
 a - a +0 quarterstaff (weapon)
Armour
 b - a +0 scale mail (worn)
 c - a +0 shield (worn)
Scrolls
 k - a scroll of blinking
Potions
 d - a potion of might
 h - a potion of haste
 i - 2 potions of magic
 j - a potion of berserk rage
Comestibles
 f - a bread ration


   Skills:
 + Level 7.2 Fighting
 * Level 8.7 Staves
 + Level 7.2 Armour
 * Level 10.6 Shields


You had 6 spell levels left.
You didn't know any spells.

Dungeon Overview and Level Annotations

Branches:
Dungeon (1/1)

Altars:
Makhleb
Sif Muna
Vehumet
Wu Jian
Xom
Jiyva
Lugonu


Innate Abilities, Weirdness & Mutations

You cannot be hasted, slowed, berserked, paralysed or teleported.
You can dig through walls and to a lower floor.
Your four strong arms can wield two-handed weapons with a shield.
You have a pair of large antennae on your head. (SInv)
You are agile. (Dex +2)
Your muscles are strong. (Str +2)


Message History

You hear a distant slurping noise.
You feel a little less hungry. You block the centaur warrior's attack.
The centaur warrior hits you!
You closely miss the centaur warrior.
You block the centaur warrior's attack. x2
You hit the centaur warrior.
The centaur warrior is lightly wounded.
You block the centaur warrior's attack. The centaur warrior hits you!
You hear a distant slurping noise.
You feel a little less hungry.
Okay, then.
New annotation for D (include '!' for warning):
Okay, then.
Unknown command.
A thick mucus forms on your +0 quarterstaff.
The centaur warrior misses you. The centaur warrior hits you!
The deep troll bites you! You block the deep troll's attack.
The deep troll claws you!
* * * LOW HITPOINT WARNING * * *
The centaur warrior hits you.
You die...

################
#..'..#..'..#__# {
'..#..'..#..'..+ {
#####'#####.#__####{
# #..# #§####§§# #
#### ##.#§§§@c# #
#§.§§§Tc§+ { #
{+..§_#§§§§§# #
#_.#+##.#### ##+
...{ { ##.### .J{{ {
###


You could see 2 centaur warriors and a deep troll.

Vanquished Creatures
  A slime creature (D)
  Sigmund (D)
  An ogre (D)
  Ijyb (D)
4 creatures vanquished.

Vanquished Creatures (others)
  A gargoyle (D)
  2 jellies (D)
3 creatures vanquished.

Grand Total: 7 creatures vanquished

Notes
Turn   | Place    | Note
-------+----------+-------------------------------------------
     0 | D        | hittemvvvvhard the Formicid Fighter began the quest for the Orb.
     0 | D        | Reached XP level 1. HP: 18/18 MP: 1/1
     1 | D        | Noticed Ijyb
    12 | D        | Killed Ijyb
    12 | D        | Reached skill level 5 in Shields
    12 | D        | Reached XP level 2. HP: 20/25 MP: 2/2
    12 | D        | Reached XP level 3. HP: 24/30 MP: 3/3
    66 | D        | Noticed an ogre
    72 | D        | Killed an ogre
    72 | D        | Reached skill level 5 in Fighting
    72 | D        | Reached skill level 5 in Staves
    72 | D        | Reached skill level 5 in Armour
    72 | D        | Reached skill level 7 in Shields
    72 | D        | Reached XP level 4. HP: 30/39 MP: 4/4
    72 | D        | Reached XP level 5. HP: 34/44 MP: 5/5
   146 | D        | Noticed Sigmund
   167 | D        | Killed Sigmund
   167 | D        | Reached skill level 9 in Shields
   167 | D        | Reached XP level 6. HP: 22/53 MP: 6/6
   173 | D        | Killed a gargoyle
   362 | D        | Found a burning altar of Makhleb.
   362 | D        | Found a viscous altar of Jiyva.
   362 | D        | Found a shimmering altar of Xom.
   362 | D        | Found a corrupted altar of Lugonu.
   362 | D        | Noticed a slime creature
   387 | D        | Killed a slime creature
   387 | D        | Reached skill level 10 in Shields
   387 | D        | Reached XP level 7. HP: 16/60 MP: 7/7
   630 | D        | Became a worshipper of Jiyva Jeguepes the Shapeless
   664 | D        | Reached * piety under Jiyva
   665 | D        | Reached ** piety under Jiyva
   676 | D        | Found a deep blue altar of Sif Muna.
   677 | D        | Found an ornate altar of the Wu Jian Council.
   679 | D        | Found a radiant altar of Vehumet.
   682 | D        | Reached *** piety under Jiyva
   683 | D        | Noticed a centaur warrior
   683 | D        | Noticed a centaur warrior
   683 | D        | Gained mutation: You are agile. (Dex +2) [Jiyva's grace]
   685 | D        | Reached **** piety under Jiyva
   686 | D        | Noticed a deep troll
   687 | D        | Gained mutation: Your muscles are strong. (Str +2) [Jiyva's grace]
   691 | D        | Slain by a centaur warrior

Vault maps used:
D:        dungeon_sprint_1

Skill      XL: |  1  2  3  4  5  6 |
---------------+-------------------+-----
Fighting       | 4 5 6 7 |  7.2
Staves         | 3 5 7 8 |  8.7
Armour         | 4 5 6 7 |  7.2
Shields        | 5 7 9 10 | 10.6

Action                   |  1- 3 |  4- 6 |  7- 9 || total
-------------------------+-------+-------+-------++-------
Melee: Quarterstaff      |    15 |    31 |     2 ||    48
Invok: Request Jelly     |       |       |     1 ||     1
       Slimify           |       |       |     1 ||     1
  Use: Potion            |       |     2 |       ||     2
Armor: Scale mail        |     1 |     1 |     2 ||     4
Dodge: Dodged            |     3 |     5 |     2 ||    10
Block: Shield            |     6 |    10 |     6 ||    22
